 Dungeon Sprint DCSS version 0.28.0-62-gf88900778d (webtiles) character file.

Game seed: 3555890619337554175

10100000 CrazyBamboolord the Champion of Chaos (level 27, -9/228 HPs)
             Began as a Djinni Warper on Nov 28, 2023.
             Was the Champion of Makhleb.
             Killed by the air
             ... invoked by a tyrant
              (42 damage)
             ... in the Dungeon (Sprint VIII: "Arena of Blood").
             The game lasted 00:09:32 (101 turns).

CrazyBamboolord the Champion of Chaos (DjWr)         Turns: 101, Time: 00:09:33

Health: -9/228     AC:  6    Str: 10    XL:     27
Gold:   0          EV: 27    Int: 26    God:    Makhleb [******] SH:  0 Dex: 16

rFire   + + .      SeeInvis +   i - +∞ Axe of Woe
rCold   x . .      Faith    .   (shield currently unavailable)
rNeg    . . .      Spirit   .   b - +0 leather armour
rPois   ∞          Reflect  .   (no helmet)
rElec   .          Harm     .   (no cloak)
rCorr   .          Rampage  .   (no gloves)
Will    ++...      NoTele   +   (boots unavailable)
Stlth   +++++++++.              (no amulet)
HPRegen 0.48/turn               j - ring of see invisible
MPRegen 0.00/turn               (no ring)

@: death channelling, flying, slowed, very slow
A: sickness immunity, fire resistance 2, cold vulnerability 1, float, innate
caster, HP casting, extra vitality 1
a: Renounce Religion, Minor Destruction, Lesser Servant of Makhleb, Major
Destruction, Greater Servant of Makhleb


You were in the Dungeon.
You worshipped Makhleb.
Makhleb was exalted by your worship.
You visited 1 branch

Inventory:

Hand Weapons
 a - a +0 hand axe
 i - the +∞ Axe of Woe (weapon)
   (You found it in the Dungeon)
Missiles
 d - 5 boomerangs of dispersal (quivered)
Armour
 b - a +0 leather armour (worn)
Jewellery
 j - a ring of see invisible (left hand)
Scrolls
 c - 2 scrolls of blinking
Potions
 e - a potion of curing
 f - a potion of heal wounds
 g - a potion of haste
 h - a potion of berserk rage


   Skills:
 O Level 27 Fighting
 O Level 27 Short Blades
 O Level 27 Long Blades
 O Level 27 Axes
 O Level 27 Maces & Flails
 O Level 27 Polearms
 O Level 27 Staves
 O Level 27 Slings
 O Level 27 Bows
 O Level 27 Crossbows
 O Level 27 Throwing
 O Level 27 Armour
 O Level 27 Dodging
 O Level 27 Stealth
 O Level 27 Shields
 O Level 27 Unarmed Combat
 O Level 27 Spellcasting
 O Level 27 Invocations
 O Level 27 Evocations


You couldn't memorise any spells.
You knew the following spells:

 Your Spells              Type           Power      Damage    Failure   Level
a - Blink                 Tloc           100%       N/A       0%          2
b - Lesser Beckoning      Tloc           100%       N/A       0%          3
c - Gell's Gravitas       Tloc           100%       N/A       0%          3
d - Teleport Other        Tloc           100%       N/A       0%          3
e - Manifold Assault      Tloc           100%       N/A       0%          5
f - Sting                 Tmut/Pois      100%       1d8       0%          1
g - Scorch                Fire           100%       2d10      0%          2
h - Call Canine Familiar  Summ           100%       N/A       0%          3
i - Spider Form           Tmut/Pois      100%       N/A       0%          3
j - Blade Hands           Tmut           54%        N/A       0%          5
k - Fireball              Conj/Fire      54%        3d21      0%          5
l - Death Channel         Necr           54%        N/A       0%          6
m - Summon Hydra          Summ           54%        N/A       0%          7
n - Ozocubu's Refrigerat  Ice            54%        4d15      0%          7
o - Infestation           Necr           54%        N/A       1%          8
p - Summon Horrible Thin  Summ           54%        N/A       1%          8
q - Shatter               Erth           54%        3d41*     1%          9
r - Chain Lightning       Conj/Air       54%        3d72      1%          9
Your spell library was empty.

Dungeon Overview and Level Annotations

Branches:
Dungeon (1/1)

Altars:
Makhleb


Innate Abilities, Weirdness & Mutations

You are immune to sickness and miasma.
You are immune to poison.
Your flesh is very heat resistant. (rF++)
You are vulnerable to cold. (rC-)
You float through the air rather than walking.
You learn spells naturally, not from books.
Your magical power is your life essence.
You have superior vitality. (+4 MHP)


Message History

A bag of meat comes into view. It is wielding a +9 war axe.
The meat berserker hits your spectral meat beast with a +9 battleaxe!!
The meat berserker hits your spectral meat berserker with a +9 battleaxe!!
The destroyer points at you and mumbles some strange words.
The destroyer blinks!
Your spectral meat beast bites the meat beast!
Your spectral meat beast tramples the meat beast but does no damage.
Your spectral bag of meat hits the bag of meat.
The observer bites your spectral The Captor!
The large abomination hits your spectral eight-headed meat hydra!!!
Your spectral bag of meat hits the large abomination but does no damage.
A bag of meat comes into view. It is wielding a +9 war axe.
Your spectral bag of meat hits the meat beast but does no damage.
An observer comes into view.
The wretched soul hits your spectral meat beast.
The meat beast misses you. x2
You hear a shout!
Your spectral eight-headed meat hydra bites the large abomination. x2
Your spectral eight-headed meat hydra bites the large abomination but does no damage.
Your spectral eight-headed meat hydra bites the large abomination!
Your spectral eight-headed meat hydra bites the large abomination. x2
Your spectral eight-headed meat hydra closely misses the large abomination.
Your spectral eight-headed meat hydra bites the large abomination but does no damage.
A destroyer comes into view. It is wielding a +9 vorpal great sword.
The bag of meat barely misses your spectral The Defiler.
Your spectral meat beast bites the meat beast!
Your spectral meat beast tramples the meat beast.
The meat beast holds its ground!
Your spectral meat berserker hits the wretched soul!
The meat beast bites your spectral bag of meat!
The meat beast completely misses your spectral bag of meat.
The meat berserker completely misses your spectral meat berserker.
The meat berserker hits your spectral observer with a +9 battleaxe!
The meat berserker hits you with a +9 battleaxe!!
* * * LOW HITPOINT WARNING * * *
The meat berserker hits your spectral meat berserker with a +9 battleaxe!!
The bag of meat hits your spectral The Defiler with a +9 war axe!!
The tyrant waves its bony arms in wide circles.
The air twists around and strikes you!!!
You die... ......#.....#.G.. #...X.).._..VOo.. ....SW.)###o.o... .☼L###.)))ZDV###G .☼oo§#.)))OZ.#.Xo .GZM#Z)Z)ZZG#oLX .XZZZZZZZZ.ZOZo) §)GXX2ZZZ2Lo)X§o )§XXZZZZ@OMG§.X# §)ZXLZZZZZoXX##o

.)X#Z)Z..Z.Z#.).
○..X.W......#)..
.)##Z#...S.S§.))
.)......V...))§)
##...†#.....####
).............#.
.)..............


You could see 2 accurseds, 3 tentacled monstrosities, 2 meat beasts, 4 tyrants,
an eight-headed meat hydra, 3 destroyers, 5 observers, 2 scourges, a large bag
of meat (inner flame), 12 large abominations, 2 wretched souls, 3 meat
berserkers, 12 bags of meat, 2 friendly spectral nine-headed meat hydras, a
friendly spectral eight-headed meat hydra, a friendly spectral observer, 10
friendly spectral bags of meat, 9 friendly spectral meat berserkers, a friendly
spectral large bag of meat, 9 friendly spectral meat beasts, the friendly
spectral The Captor and the friendly spectral The Defiler.

Vanquished Creatures
  11 hell beasts (D)
  Edmund (D)
  3 royal mummies (D)
  2 great orbs of eyes (D)
  8 wraiths (D)
  13 vampire knights (D)
  40 ogres (D)
  8 two-headed ogres (D)
  6 liches (D)
  5 hydras (D)
  59 orcs (D)
  6 phantoms (D)
  2 skeletal warriors (D)
164 creatures vanquished.

Vanquished Creatures (collateral kills)
  Sigmund (D)
  An ogre (D)
  An orc (D)
3 creatures vanquished.

Vanquished Creatures (others)
  An orc (D)
1 creature vanquished.

Grand Total: 168 creatures vanquished

Notes
Turn   | Place    | Note
-------+----------+-------------------------------------------
     0 | D        | Found the +∞ Axe of Woe
     0 | D        | CrazyBamboolord the Djinni Warper began the quest for the
                  | Orb.
     0 | D        | Reached XP level 1. HP: 18/18 MP: 0/0
     2 | D        | Noticed a bag of meat
     3 | D        | Noticed a bag of meat
     4 | D        | Became a worshipper of Makhleb the Destroyer
     4 | D        | Noticed a bag of meat
     7 | D        | Noticed a bag of meat
     7 | D        | Noticed a bag of meat
     8 | D        | Killed a bag of meat
     8 | D        | Noticed a bag of meat
     8 | D        | Noticed a bag of meat
     8 | D        | Noticed a meat berserker
     9 | D        | Reached XP level 2. HP: 23/23 MP: 0/0
     9 | D        | Reached XP level 3. HP: 28/28 MP: 0/0
     9 | D        | Learned a level 1 spell: Sting
     9 | D        | Reached XP level 4. HP: 33/33 MP: 0/0
     9 | D        | Reached XP level 5. HP: 38/38 MP: 0/0
     9 | D        | Learned a level 2 spell: Scorch
     9 | D        | Reached XP level 6. HP: 43/43 MP: 0/0
     9 | D        | Reached XP level 7. HP: 49/49 MP: 0/0
     9 | D        | Learned a level 3 spell: Call Canine Familiar
     9 | D        | Reached XP level 8. HP: 54/54 MP: 0/0
     9 | D        | Reached XP level 9. HP: 58/58 MP: 0/0
     9 | D        | Learned a level 3 spell: Spider Form
     9 | D        | Reached XP level 10. HP: 64/64 MP: 0/0
     9 | D        | Reached XP level 11. HP: 68/68 MP: 0/0
     9 | D        | Learned a level 5 spell: Blade Hands
     9 | D        | Noticed a bag of meat
     9 | D        | Noticed a bag of meat
     9 | D        | Noticed a bag of meat
    10 | D        | Noticed a meat berserker
    11 | D        | Killed a meat berserker
    11 | D        | Reached * piety under Makhleb
    11 | D        | Killed a bag of meat
    11 | D        | Noticed a bag of meat
    11 | D        | Noticed a meat berserker
    12 | D        | Reached skill level 10 in Spellcasting
    12 | D        | Reached XP level 12. HP: 99/99 MP: 0/0
    12 | D        | Reached XP level 13. HP: 104/104 MP: 0/0
    12 | D        | Learned a level 5 spell: Fireball
    13 | D        | Killed a bag of meat
    13 | D        | Killed a bag of meat
    13 | D        | Reached ** piety under Makhleb
    14 | D        | Reached skill level 15 in Spellcasting
    14 | D        | Reached XP level 14. HP: 116/116 MP: 0/0
    14 | D        | Noticed a bag of meat
    14 | D        | Noticed a bag of meat
    14 | D        | Noticed a large bag of meat
    14 | D        | Noticed a bag of meat
    14 | D        | Noticed a large bag of meat
    14 | D        | Noticed a bag of meat
    14 | D        | Noticed a bag of meat
    14 | D        | Noticed a meat berserker
    14 | D        | Noticed a bag of meat
    14 | D        | Noticed a bag of meat
    14 | D        | Noticed a meat berserker
    15 | D        | Noticed a meat berserker
    15 | D        | Killed a meat berserker
    15 | D        | Killed a bag of meat
    15 | D        | Killed a bag of meat
    15 | D        | Reached *** piety under Makhleb
    15 | D        | Noticed a meat berserker
    16 | D        | Reached XP level 15. HP: 121/121 MP: 0/0
    16 | D        | Learned a level 6 spell: Death Channel
    16 | D        | Killed a meat berserker
    16 | D        | Reached **** piety under Makhleb
    17 | D        | Reached skill level 27 in Invocations
    17 | D        | Reached skill level 1 in Throwing
    17 | D        | Reached XP level 16. HP: 128/128 MP: 0/0
    18 | D        | Reached XP level 17. HP: 136/136 MP: 0/0
    18 | D        | Learned a level 7 spell: Summon Hydra
    19 | D        | Noticed a destroyer
    19 | D        | Noticed a meat berserker
    20 | D        | Killed a meat berserker
    20 | D        | Reached ***** piety under Makhleb
    21 | D        | Killed a meat berserker
    22 | D        | Reached XP level 18. HP: 148/148 MP: 0/0
    22 | D        | Killed a meat berserker
    22 | D        | Killed a meat berserker
    22 | D        | Reached ****** piety under Makhleb
    23 | D        | Reached skill level 27 in Axes
    23 | D        | Reached XP level 19. HP: 159/159 MP: 0/0
    23 | D        | Learned a level 7 spell: Ozocubu's Refrigeration
    23 | D        | Killed a destroyer
    24 | D        | Reached skill level 27 in Fighting
    24 | D        | Reached skill level 27 in Spellcasting
    24 | D        | Killed a large bag of meat
    24 | D        | Killed a large bag of meat
    24 | D        | Noticed a meat berserker
    25 | D        | Reached skill level 15 in Throwing
    25 | D        | Reached XP level 20. HP: 154/181 MP: 0/0
    25 | D        | Killed a meat berserker
    26 | D        | Killed a meat berserker
    26 | D        | Noticed a large bag of meat
    26 | D        | Noticed a meat berserker
    27 | D        | Reached skill level 27 in Armour
    27 | D        | Reached XP level 21. HP: 180/187 MP: 0/0
    27 | D        | Learned a level 8 spell: Infestation
    27 | D        | Killed a large bag of meat
    27 | D        | Killed a meat berserker
    27 | D        | Noticed a meat berserker
    28 | D        | Reached skill level 27 in Throwing
    28 | D        | Noticed a destroyer
    29 | D        | Killed a destroyer
    29 | D        | Killed a meat berserker
    29 | D        | Noticed a destroyer
    30 | D        | Reached XP level 22. HP: 190/194 MP: 0/0
    30 | D        | Killed a destroyer
    32 | D        | Noticed an eight-headed meat hydra
    33 | D        | Killed a nine-headed meat hydra
    34 | D        | Reached skill level 10 in Short Blades
    34 | D        | Reached skill level 10 in Long Blades
    34 | D        | Reached skill level 10 in Shields
    34 | D        | Reached skill level 10 in Unarmed Combat
    34 | D        | Reached skill level 10 in Evocations
    34 | D        | Noticed a large bag of meat
    35 | D        | Killed a large bag of meat
    36 | D        | Reached skill level 10 in Maces & Flails
    36 | D        | Reached skill level 10 in Polearms
    36 | D        | Reached skill level 10 in Staves
    36 | D        | Reached skill level 10 in Stealth
    36 | D        | Reached XP level 23. HP: 201/201 MP: 0/0
    36 | D        | Learned a level 8 spell: Summon Horrible Things
    36 | D        | Noticed a destroyer
    37 | D        | Noticed a destroyer
    39 | D        | Killed a destroyer
    42 | D        | Reached skill level 27 in Stealth
    42 | D        | Noticed a destroyer
    42 | D        | Noticed a destroyer
    42 | D        | Killed a destroyer
    42 | D        | Killed a destroyer
    42 | D        | Killed a destroyer
    43 | D        | Reached skill level 27 in Dodging
    43 | D        | Reached XP level 24. HP: 208/208 MP: 0/0
    45 | D        | Noticed a tyrant
    45 | D        | Killed a tyrant
    46 | D        | Noticed an accursed
    47 | D        | Killed an accursed
    48 | D        | Reached XP level 25. HP: 214/214 MP: 0/0
    48 | D        | Learned a level 9 spell: Shatter
    51 | D        | Reached skill level 15 in Maces & Flails
    51 | D        | Reached skill level 15 in Polearms
    51 | D        | Noticed a destroyer
    52 | D        | Killed a destroyer
    53 | D        | Reached skill level 15 in Slings
    53 | D        | Reached skill level 15 in Bows
    53 | D        | Reached skill level 15 in Crossbows
    54 | D        | Reached XP level 26. HP: 221/221 MP: 0/0
    55 | D        | Noticed a destroyer
    56 | D        | Killed a destroyer
    57 | D        | Noticed a tyrant
    58 | D        | Killed a tyrant
    59 | D        | Noticed a dread
    59 | D        | Noticed a dread
    59 | D        | Killed a dread
    59 | D        | Killed a dread
    60 | D        | Reached XP level 27. HP: 228/228 MP: 0/0
    60 | D        | Learned a level 9 spell: Chain Lightning
    64 | D        | Noticed a dread
    64 | D        | Killed a dread
    65 | D        | Noticed a destroyer
    66 | D        | Noticed a dread
    67 | D        | Killed a dread
    69 | D        | Killed a destroyer
    69 | D        | Noticed a dread
    70 | D        | Reached skill level 27 in Shields
    70 | D        | Reached skill level 27 in Unarmed Combat
    70 | D        | Reached skill level 27 in Evocations
    70 | D        | Noticed a dread
    70 | D        | Noticed a large bag of meat
    71 | D        | Killed a dread
    71 | D        | Killed a large bag of meat
    72 | D        | Reached skill level 27 in Short Blades
    72 | D        | Reached skill level 27 in Long Blades
    72 | D        | Killed a dread
    73 | D        | Noticed a meat beast
    74 | D        | Killed a meat beast
    74 | D        | Noticed a large bag of meat
    75 | D        | Reached skill level 27 in Maces & Flails
    75 | D        | Reached skill level 27 in Polearms
    75 | D        | Reached skill level 27 in Slings
    75 | D        | Reached skill level 27 in Bows
    75 | D        | Reached skill level 27 in Crossbows
    75 | D        | Reached skill level 27 in Staves
    75 | D        | Killed a large bag of meat
    75 | D        | Noticed a meat beast
    76 | D        | Killed a meat beast
    77 | D        | Noticed a large bag of meat
    78 | D        | Killed a large bag of meat
    78 | D        | Noticed a meat beast
    79 | D        | Noticed a destroyer
    79 | D        | Killed a meat beast
    80 | D        | Killed a destroyer
    80 | D        | Noticed a meat beast
    80 | D        | Noticed a dread
    82 | D        | Killed a dread
    82 | D        | Noticed a large bag of meat
    82 | D        | Noticed a tyrant
    84 | D        | Noticed a meat beast
    84 | D        | Killed a meat beast
    85 | D        | Killed a tyrant
    85 | D        | Noticed an accursed
    85 | D        | Noticed a tyrant
    86 | D        | Killed a large bag of meat
    86 | D        | Killed a meat beast
    88 | D        | Noticed a meat beast
    88 | D        | Noticed a tyrant
    88 | D        | Noticed a destroyer
    89 | D        | Killed an accursed
    89 | D        | Killed a tyrant
    89 | D        | Noticed a meat beast
    90 | D        | Killed a destroyer
    90 | D        | Killed a meat beast
    90 | D        | Killed a meat beast
    90 | D        | Noticed a meat beast
    90 | D        | Noticed a meat beast
    90 | D        | Noticed an accursed
    91 | D        | Noticed a tyrant
    92 | D        | Noticed an accursed
    93 | D        | Noticed a meat beast
    93 | D        | Noticed a destroyer
    93 | D        | Noticed a tyrant
    94 | D        | Killed a meat beast
    95 | D        | Killed a meat beast
    95 | D        | Killed a tyrant
    96 | D        | Killed a destroyer
    96 | D        | Noticed The Captor
    96 | D        | Noticed The Defiler
    96 | D        | Noticed an accursed
    97 | D        | Noticed a destroyer
    97 | D        | Noticed a meat beast
    97 | D        | Noticed a meat beast
    97 | D        | Killed The Defiler
    97 | D        | Killed a meat beast
    97 | D        | Killed a tyrant
    97 | D        | Noticed a meat beast
    97 | D        | Noticed a tyrant
    97 | D        | Noticed a dread
    98 | D        | Noticed a tyrant
    99 | D        | Killed a dread
    99 | D        | Killed an accursed
    99 | D        | Killed The Captor
   100 | D        | Noticed a tyrant
   101 | D        | Noticed a large bag of meat
   101 | D        | Noticed a destroyer
   101 | D        | Killed a meat beast
   101 | D        | Noticed a destroyer
   101 | D        | Killed from afar by a tyrant

Illustrated notes

Levels and vault maps discovered:
D:        meatsprint

Skill      XL: |  1  2  3  4  5  6  7  8  9 10 11 12 13 14 15 16 17 18 19 20 21 22 23 24 25 26 27 |
---------------+----------------------------------------------------------------------------------+-----
Axes           | 21 24 25 27 | 27.0
Fighting       | 13 16 17 19 21 27 | 27.0
Spellcasting   | 10 15 16 18 23 26 27 | 27.0
Invocations    | 20 27 | 27.0
Throwing       | 1 3 4 15 23 27 | 27.0
Dodging        | 3 6 11 13 16 27 | 27.0
Armour         | 3 4 18 27 | 27.0
Short Blades   | 7 11 16 17 21 27 | 27.0
Long Blades    | 7 11 16 17 21 27 | 27.0
Maces & Flails | 6 10 14 16 20 27 | 27.0
Polearms       | 6 10 14 16 20 27 | 27.0
Staves         | 6 10 27 | 27.0
Slings         | 6 9 14 16 20 27 | 27.0
Bows           | 6 9 14 16 20 27 | 27.0
Crossbows      | 6 9 14 16 20 27 | 27.0
Stealth        | 6 10 27 | 27.0
Shields        | 7 11 16 18 23 27 | 27.0
Unarmed Combat | 7 11 16 18 23 27 | 27.0
Evocations     | 7 11 16 18 23 27 | 27.0

Action                   |  1- 3 |  4- 6 |  7- 9 | 10-12 | 13-15 | 16-18 | 19-21 | 22-24 | 25-27 || total
-------------------------+-------+-------+-------+-------+-------+-------+-------+-------+-------++-------
Melee: Executioner's axe |     1 |       |       |     1 |     3 |     5 |    11 |    21 |   114 ||   156
 Cast: Manifold Assault  |       |       |       |       |       |       |     3 |     7 |    36 ||    46
       Death Channel     |       |       |       |       |       |       |       |       |     2 ||     2
       Summon Horrible T |       |       |       |       |       |       |       |       |     1 ||     1
Dodge: Dodged            |       |       |       |       |       |       |       |       |     2 ||     2
